AoeStats
← 42afurnace

Lombardia

509053706Analyzed
2v2 RM · 8d ago on Sep 25, 2026· 11m 12s· 4 players
Game mode
Random Map
Map size
Medium (4 player)
Population
200
Speed
Normal
Resources
Standard
Victory
Conquest
Starting age
Dark Age
Ending age
Imperial Age
RankedLock teamsTeams togetherTeam positionsShared explorationLock speedFull tech treeHidden civsTurbo modeCheats
Victory
Defeat
🇨🇦 Aztecs · Canada
1148
+15
🇨🇦 Franks · Canada
1148
+15
🇨🇳 Romans · China
1120
-15
🇨🇳 Burgundians · China
1120
-15
卖节操了
11:30 Feudal Age
9:49 Double-Bit Axe
11:41 Feudal Age
10:35 Loom
lanlinxxs
10:21 Feudal Age
42afurnace
6:48 Loom
10:16 Feudal Age
BigDog 420 Xo
10:17 Feudal Age
8:33 Loom
11:09 Double-Bit Axe
Connection lost

Rejoining the realm…

Still unreachable

The connection could not be restored.

Session expired

The server has moved on; the page needs a fresh start.